[Event "Early-Titled-Tuesday-Blitz-February-06-2024"]
[Site "Chess.com"]
[Date "2024.02.06"]
[Round "10"]
[White "salomez"]
[Black "Actuary44"]
[Result "1/2-1/2"]
[WhiteElo "2312"]
[BlackElo "2475"]
[TimeControl "180+1"]
[EndTime "9:56:03 PST"]
[Termination "Game drawn by agreement"]

1. d4 Nf6 2. Nc3 d5 3. Bf4 g6 4. e3 c6 5. Nf3 Bg7 6. Be2 O-O 7. h3 Nfd7 8. O-O f6 9. Bg3 e5 10. dxe5 fxe5 11. e4 d4 12. Bc4+ Kh8 13. Ne2 Nb6 14. Bb3 Qe7 15. Bh4 Bf6 16. Bxf6+ Qxf6 17. c3 Bxh3 18. cxd4 Bxg2 19. Nxe5 Bxf1 20. Qxf1 N8d7 21. f4 Nxe5 22. dxe5 Qh4 23. Qf2 Qxf2+ 24. Kxf2 Rae8 25.
Ke3 g5 26. e6 gxf4+ 27. Nxf4 Rf6 28. Rh1 c5 29. e5 Rxf4 30. Kxf4 c4 31. Bc2 Nd5+ 32.
Kg3 Re7 33. Be4 Nb4 34. Rxh7+ Rxh7 35. Bxh7 Kg7 36. e7 Kf7 37. Bg8+ Kxe7 38. Bxc4 a6 39.
Kf4 b5 40. a3 Nc6 41. Bd5 Nd4 42.
Be4 Ne6+ 43. Kf5 Nc5 44. Kf4 a5 45. b4 axb4 46. axb4 Na6 47. Bd3 Nxb4 48. Bxb5 Nd5+ 49. Kf5 Ne3+ 50. Ke4 Ng4 51. Kf4 1/2-1/2

[Event "Early-Titled-Tuesday-Blitz-February-06-2024"]
[Site "Chess.com"]
[Date "2024.02.06"]
[Round "10"]
[White "emeli_chess"]
[Black "Iana_Shirova"]
[Result "0-1"]
[WhiteElo "2396"]
[BlackElo "2315"]
[TimeControl "180+1"]
[EndTime "9:56:04 PST"]
[Termination "Iana_Shirova won by resignation"]

1. d4 d5 2. c4 c6 3. Nc3 dxc4 4. e4 e5 5. Be3 exd4 6. Qxd4 Qxd4 7. Bxd4 Be6 8. Nf3 f6 9. Nd2 b5 10. a4 b4 11. Na2 c5 12. Be3 c3 13. Nc4 cxb2 14.
Nxb2 Nd7 15. Bc4 Bxc4 16. Nxc4 Nb6 17. Nxb6 axb6 18. Nc1 Ne7 19. Ke2 Nc6 20. Rd1 Be7 21. Nb3 c4 22. Nd4 Nxd4+ 23. Bxd4 Bc5 24. Bxc5 bxc5 25. Rd5 Ra5 26. Rc1 c3 27. Kd3 O-O 28. Kc4 Rc8 29. Kb3 Rca8 30. Rcd1 Rb8 31. Rd7 c4+ 32.
Kxc4 c2 33. Rc1 b3 34. Kc3 Rxa4 35. Kb2 Ra2+ 36. Kc3 b2 37. Kxc2 bxc1=Q+ 38. Kxc1 Ra1+ 39. Kd2 Ra2+ 40. Ke3 Rbb2 41. f4 Re2+ 42. Kf3 Rf2+ 43. Ke3 Rxg2 44. e5 Rge2+ 45. Kf3 fxe5 46. f5 Rf2+ 47.
Ke4 Rae2+ 48. Kd5 Rd2+ 49. Ke6 Rxd7 50. Kxd7 Rxf5 0-1

[Event "Early-Titled-Tuesday-Blitz-February-06-2024"]
[Site "Chess.com"]
[Date "2024.02.06"]
[Round "10"]
[White "FabianoCaruana"]
[Black "kpio91"]
[Result "0-1"]
[WhiteElo "3050"]
[BlackElo "2891"]
[TimeControl "180+1"]
[EndTime "9:56:05 PST"]
[Termination "kpio91 won by resignation"]

1. e4 e6 2. d4 d5 3. Nc3 Bb4 4. e5 b6 5. a3 Bxc3+ 6. bxc3 Qd7 7. Qg4 f5 8. Qg3 Ba6 9. Bxa6 Nxa6 10. Ne2 O-O-O 11. O-O Nb8 12. Nf4 Nc6 13. a4 Na5 14. Nh5 g6 15. Nf6 Qf7 16. Bf4 h6 17. h4 Nc4 18. f3 Kb7 19. Rfe1 Rc8 20. Re2 Nxf6 21. exf6 Qxf6 22. Rae1 Rhe8 23. Bxh6 a5 24. Bc1 Qf7 25. Qg5 Re7 26. Kf2 Rce8 27. Qg3 Rd7 28. Qf4 Rd6 29. g4 Rg8 30. Rg1 Rh8 31. Qg5 Qh7 32. Bf4 Rc6 33. gxf5 exf5 34. Kg3 Qg8 35. Rge1 Rh5 36. Qe7 Qh8 37. Bg5 Nd6 38. Re6 f4+ 39. Kg2 Nf5 40. Rxc6 Nxe7 41. Rxc7+ Kxc7 42. Rxe7+ Kc6 43. Re6+ Kd7 44.
Rxg6 Rxh4 45. Bxh4 Qxh4 46. Rg4 Qf6 47. Kf2 b5 48.
axb5 a4 49. Rg1 Kc7 50. Ra1 Qg6 51. Rxa4 Qxc2+ 0-1

[Event "Early-Titled-Tuesday-Blitz-February-06-2024"]
[Site "Chess.com"]
[Date "2024.02.06"]
[Round "10"]
[White "platy3"]
[Black "Suleyman_Chess06"]
[Result "1-0"]
[WhiteElo "2936"]
[BlackElo "2704"]
[TimeControl "180+1"]
[EndTime "9:56:05 PST"]
[Termination "platy3 won on time"]

1. e4 e6 2. d4 d5 3. Nc3 Nf6 4.
e5 Nfd7 5. f4 c5 6. Nf3 Nc6 7.
Be3 a6 8. Ne2 b5 9. c3 Qb6 10. g3 f5 11. Bg2 Be7 12. O-O c4 13. h3 Bb7 14. g4 O-O-O 15. b3 g6 16. Rb1 Qc7 17. a4 Nb6 18. axb5 axb5 19. bxc4 Nxc4 20. Bf2 Ba6 21. Nc1 h6 22. Nd3 Kd7 23. Ra1 Ra8 24. Re1 b4 25. cxb4 Nxb4 26. Nxb4 Bxb4 27. Qa4+ Qc6 28.
Qxb4 Rhb8 29. Qc5 Rb2 30. Reb1 Bb7 31. Rc1 Qxc5 32. dxc5 Rxa1 33. Rxa1 fxg4 34. hxg4 Nd2 35. Nd4 Ne4 36. Be3 Nxc5 37. f5 gxf5 38. gxf5 exf5 39. Bh3 Ke8 40. Bxf5 Nb3 41. Nxb3 Rxb3 42. Bd4 Rf3 43. Rf1 Rxf1+ 44. Kxf1 Bc6 45. Kf2 Ke7 46. Kg3 Bb5 47. Kh4 Be8 48. Bg4 Bf7 49. Bc5+ Kd8 50. e6 Be8 51. Bf5 Kc7 52. Bf8 1-0

[Event "Early-Titled-Tuesday-Blitz-February-06-2024"]
[Site "Chess.com"]
[Date "2024.02.06"]
[Round "10"]
[White "Maitreia"]
[Black "Alex_Sahakyan2006"]
[Result "0-1"]
[WhiteElo "2758"]
[BlackElo "2905"]
[TimeControl "180+1"]
[EndTime "9:56:05 PST"]
[Termination "Alex_Sahakyan2006 won by resignation"]

1. c4 Nf6 2. Nc3 c5 3. g3 g6 4.
Bg2 Bg7 5. Nf3 O-O 6. O-O Nc6 7. d3 d6 8. a3 a6 9. Rb1 Rb8 10. b4 cxb4 11. axb4 b5 12. c5 dxc5 13. bxc5 Nd7 14. d4 Bb7 15. Bb2 e6 16. Ne4 Na5 17. Nd6 Bc6 18. e4 Nc4 19. Nxc4 bxc4 20. Ba1 Bxe4 21.
Rxb8 Nxb8 22. Qa4 Qd5 23. Nh4 Bxg2 24. Nxg2 Bxd4 25. Rd1 Nc6 26. Ne3 Qxc5 27. Ng4 e5 28. Nf6+ Kg7 29. Nd7 Qb5 30. Qxb5 axb5 31. Nxf8 Kxf8 32.
Kf1 b4 33. Ke2 b3 34. Rb1 c3 35. Rxb3 c2 36. Kd2 Bxa1 37. Ra3 Bd4 38. Kxc2 Bxf2 39.
Kd2 Bd4 40. Kd3 Kg7 41. g4 Nd8 42. Ke4 Ne6 43. h4 Bf2 44. h5 Bd4 45. Ra8 Kh6 46.
hxg6 hxg6 47. Ra2 Kg5 48. Rg2 f6 49. Kd5 Nf4+ 50. Ke4 Nxg2 0-1

[Event "Early-Titled-Tuesday-Blitz-February-06-2024"]
[Site "Chess.com"]
[Date "2024.02.06"]
[Round "10"]
[White "azikom"]
[Black "gmcorrales"]
[Result "1/2-1/2"]
[WhiteElo "2732"]
[BlackElo "2869"]
[TimeControl "180+1"]
[EndTime "9:56:05 PST"]
[Termination "Game drawn by repetition"]

1. d4 Nf6 2. c4 g6 3. Nc3 d5 4.
Bg5 Ne4 5. Bh4 Nxc3 6. bxc3 c6 7.
e3 Nd7 8. Nf3 Bg7 9. Be2 dxc4 10. Bxc4 b5 11. Be2 Nb6 12. O-O Be6 13. e4 O-O 14. Qc2 a5 15. Ne5 Bxe5 16. dxe5 Qc7 17. f4 Bc4 18. Rad1 Rfd8 19. Rd4 c5 20. Rxd8+ Rxd8 21. Rd1 Bxe2 22. Qxe2 Nc4 23. h3 a4 24. Rd5 Rd7 25.
Bf2 e6 26. Rxc5 Qb7 27. Bd4 h6 28. Kh2 Kh7 29. Qf2 Qxe4 30. Rxb5 a3 31. Rb8 Rb7 32. Rxb7 Qxb7 33. Qe2 Qd5 34. Qc2 Qb5 35. Qe2 Kg7 36. Qg4 Nd2 37. Qh4 Qd5 38. Qf6+ Kg8 39. Qe7 Nf1+ 40.
Kg1 Ng3 41. Kh2 Nf1+ 42. Kg1 Ng3 43. Kh2 Nh5 44. Bc5 Qa8 45. Qh4 Ng7 46. Qxh6 Qc8 47. Bd4 Qc4 48. Qh4 Qxa2 49. Qd8+ Kh7 50. Qh4+ Nh5 51.
Qe7 Kg7 52. Bc5 Qd2 53. Qf8+ Kh7 54. Qxf7+ Kh8 55. Qf8+ Kh7 56. Qf7+ Kh8 57. Qf8+ Kh7 58. Qf7+ 1/2-1/2

[Event "Early-Titled-Tuesday-Blitz-February-06-2024"]
[Site "Chess.com"]
[Date "2024.02.06"]
[Round "10"]
[White "Ural_bogatyr"]
[Black "Nikolakis2014"]
[Result "1/2-1/2"]
[WhiteElo "2574"]
[BlackElo "2730"]
[TimeControl "180+1"]
[EndTime "9:56:05 PST"]
[Termination "Game drawn by agreement"]

1. d4 Nf6 2. Nc3 d5 3. Bf4 c5 4.
e4 Nxe4 5. Nxe4 dxe4 6. dxc5 Qa5+ 7. c3 Qxc5 8. Qa4+ Nc6 9. Qxe4 Bf5 10. Qa4 e5 11. Be3 Qa5 12. Qxa5 Nxa5 13. Bb5+ Bd7 14. Bxd7+ Kxd7 15. O-O-O+ Ke6 16. f4 f6 17. fxe5 fxe5 18.
Nf3 Be7 19. Rhe1 Nc6 20. b4 a6 21. Bf4 Bf6 22. Nd4+ Nxd4 23. cxd4 Rac8+ 24. Kb2 Rc4 25. Bxe5 Rhc8 26. d5+ Kd7 27. Bxf6 gxf6 28. d6 Rxb4+ 29. Ka1 Re8 30. Rxe8 Kxe8 31. Re1+ Kd7 32. Re7+ Kxd6 33. Rxh7 a5 34. a3 Rb3 35. Ka2 a4 36. Rg7 b5 37. h4 Re3 38. Kb2 Re2+ 39. Kc3 Ra2 40. Kb4 Rb2+ 41. Ka5 Rb3 42. h5 Rxa3 43.
Kxb5 Ra1 44. Kb4 a3 45. g4 Ke5 46. Kb3 Kf4 47. Rg6 f5 48. g5 Rh1 49. h6 Rh3+ 50. Ka2 Kg4 51. Rg7 f4 52. h7 f3 53. g6 Kg5 54.
Rg8 f2 55. Rf8 Kxg6 56. Rxf2 Kxh7 57. Rf4 Kg6 58. Ra4 Kf5 1/2-1/2

[Event "Early-Titled-Tuesday-Blitz-February-06-2024"]
[Site "Chess.com"]
[Date "2024.02.06"]
[Round "10"]
[White "koncheto"]
[Black "Alexchess1984"]
[Result "1-0"]
[WhiteElo "2529"]
[BlackElo "2638"]
[TimeControl "180+1"]
[EndTime "9:56:05 PST"]
[Termination "koncheto won by resignation"]

1. e4 c5 2. Nf3 d6 3. d4 cxd4 4. Nxd4 Nf6 5. f3 a6 6. c4 g6 7. Nc3 Bg7 8. Be3 O-O 9. Be2 Nc6 10. O-O Nxd4 11. Bxd4 Be6 12. Qd2 Rc8 13. b3 Qa5 14.
Rfd1 Nd7 15. Bxg7 Kxg7 16. Qd4+ Qe5 17. Rac1 Qxd4+ 18. Rxd4 Ne5 19. Kf2 g5 20. g3 Ng6 21.
Ke3 h5 22. f4 gxf4+ 23. gxf4 Bg4 24. Bxg4 hxg4 25. Rg1 Rh8 26. Rxg4 Kf8 27. Rd2 e5 28. f5 Nf4 29. h4 b5 30. Rxd6 bxc4 31. bxc4 Ke7 32.
Rxa6 Rxc4 33. Ne2 Rxh4 34. Rxh4 Ng2+ 35. Kd3 Rd4+ 36. Nxd4 Nxh4 37. Nc6+ Kd6 38. Nb4+ Kc5 39. Nd5 Nf3 40. Rf6 Ne1+ 41. Ke2 Nc2 42. Rxf7 Kd4 43. a4 Kxe4 44. a5 Kxd5 45. a6 Nd4+ 46. Kd1 Nc6 47. a7 Nxa7 48. Rxa7 Ke4 49. f6 Kd3 50. f7 e4 51. f8=Q e3 52. Rd7+ Ke4 53.
Qe8+ 1-0

[Event "Early-Titled-Tuesday-Blitz-February-06-2024"]
[Site "Chess.com"]
[Date "2024.02.06"]
[Round "10"]
[White "goodwilll"]
[Black "maximnovik"]
[Result "0-1"]
[WhiteElo "2496"]
[BlackElo "2601"]
[TimeControl "180+1"]
[EndTime "9:56:05 PST"]
[Termination "maximnovik won on time"]

1. e4 c6 2. d4 d5 3. Nc3 dxe4 4. Nxe4 Bf5 5. Nc5 Qb6 6. Nf3 e6 7. Nb3 Nf6 8. g3 Be7 9. Bg2 O-O 10. O-O Nbd7 11. c3 a5 12. Re1 a4 13. Nbd2 c5 14.
Nc4 Qa6 15. Bf1 b5 16. Na3 c4 17. Nc2 Nd5 18. a3 h6 19. Nb4 Bxb4 20. axb4 Qb6 21. Bg2 a3 22. Rxa3 Rxa3 23. bxa3 Nxc3 24. Qd2 Nd5 25.
Ne5 Nxe5 26. Rxe5 Rd8 27. h3 c3 28. Qd1 Nf6 29. Be3 Nd7 30. d5 Qb8 31. Rxf5 exf5 32.
Qc2 Rc8 33. Kh2 Qe5 34. h4 Nf6 35. Bh3 Ng4+ 36. Bxg4 fxg4 37. Bc5 h5 38. d6 Rd8 39.
Kg1 Qe1+ 40. Kg2 Qd2 41. Qf5 c2 42. Be3 Qxd6 43. Qxc2 Qd5+ 44. Kh2 Qf3 45. Qc7 Rd1 46.
Qc8+ Kh7 47. Qc2+ g6 48. Qxd1 Qxd1 0-1

[Event "Early-Titled-Tuesday-Blitz-February-06-2024"]
[Site "Chess.com"]
[Date "2024.02.06"]
[Round "10"]
[White "JoliyRoger"]
[Black "annamaja"]
[Result "1-0"]
[WhiteElo "2505"]
[BlackElo "2381"]
[TimeControl "180+1"]
[EndTime "9:56:05 PST"]
[Termination "JoliyRoger won on time"]

1. d4 d5 2. Nf3 Nf6 3. c4 c6 4. e3 g6 5. Nc3 Bg7 6. h3 O-O 7.
Bd3 e6 8. O-O Nbd7 9. b3 Re8 10.
Bb2 e5 11. dxe5 Nxe5 12. Nxe5 Rxe5 13. cxd5 Nxd5 14. Ne2 Rg5 15. Bxg7 Kxg7 16. Kh1 Qf6 17. Be4 Be6 18. Qd4 Rd8 19. Rad1 Rh5 20. Qxf6+ Kxf6 21. Bf3 Rh4 22. e4 Ke5 23. exd5 cxd5 24. Rfe1 Rb4 25. Nd4+ Kf6 26. Kg1 Rc8 27. Rd2 a6 28.
Nxe6 fxe6 29. Bg4 Rc6 30. Rde2 d4 31. Rxe6+ Rxe6 32. Bxe6 d3 33. Bg4 d2 34. Rd1 Rd4 35.
Kf1 h5 36. Bf3 b5 37. g3 a5 38. Ke2 a4 39. Rxd2 Rb4 40. Bd5 Ke5 41. h4 a3 42. Bg8 Kf6 43. Kf3 Ke5 44. Re2+ Kd6 45. Re6+ Kc5 46. Rxg6 Rd4 47. Rg5+ Kb4 48. Rf5 Rd2 49.
Rf4+ Kc3 50. b4 Rd3+ 51. Kg2 1-0

[Event "Early-Titled-Tuesday-Blitz-February-06-2024"]
[Site "Chess.com"]
[Date "2024.02.06"]
[Round "10"]
[White "KbzasDavid16"]
[Black "the_chess_child"]
[Result "1-0"]
[WhiteElo "2574"]
[BlackElo "2842"]
[TimeControl "180+1"]
[EndTime "9:56:06 PST"]
[Termination "KbzasDavid16 won by checkmate"]

1. d4 Nf6 2. Nf3 g6 3. g3 Bg7 4. c4 O-O 5. Bg2 d6 6. O-O c5 7.
Nc3 Nc6 8. b3 d5 9. cxd5 Nxd5 10. Nxd5 Qxd5 11. Bb2 Qd6 12. e3 cxd4 13. Nxd4 Ne5 14.
Rc1 Bg4 15. Qc2 Rac8 16. Qe4 Rxc1 17. Rxc1 b6 18. h3 Bd7 19. f4 Nc6 20. Rxc6 Bxc6 21.
Qxc6 Qb4 22. Qc3 Qxc3 23. Bxc3 Rc8 24. Bb2 e5 25. Nc6 Kf8 26. Ba3+ Ke8 27. fxe5 Rc7 28.
Bd6 Rd7 29. Nb8 Re7 30. Bc6+ Kd8 31. Bxe7+ Kxe7 32. Bf3 Ke6 33. Nc6 a5 34. Kf2 Bf8 35. Ke2 Bc5 36. Kd3 b5 37. Ke4 Kd7 38. Kd5 Bxe3 39.
Nxa5 Bd2 40. Nc6 h5 41. Kc5 Be1 42. g4 hxg4 43. Bxg4+ Kc7 44. Kxb5 Bc3 45. Kc5 Bb2 46. b4 Ba3 47. Nd4 Bb2 48. b5 Bc3 49. a4 Kb7 50. Nc6 Kc7 51. a5 Kb7 52. a6+ Kc7 53. b6# 1-0

[Event "Early-Titled-Tuesday-Blitz-February-06-2024"]
[Site "Chess.com"]
[Date "2024.02.06"]
[Round "10"]
[White "Janosik"]
[Black "Sanyura"]
[Result "1/2-1/2"]
[WhiteElo "2853"]
[BlackElo "2690"]
[TimeControl "180+1"]
[EndTime "9:56:09 PST"]
[Termination "Game drawn by repetition"]

1. d4 Nf6 2. c4 c5 3. Nf3 cxd4 4. Nxd4 g6 5. g3 Bg7 6. Bg2 O-O 7. Nc3 Nc6 8. O-O Qc7 9. Nc2 d6 10. b3 a6 11. Bd2 Bf5 12. Rc1 Rac8 13. e4 Bg4 14. f3 Bd7 15. Kh1 Qb8 16. a4 Ne5 17. Qe2 h5 18. h4 Rfe8 19. Ne3 Nc6 20. Rb1 Nb4 21. Kh2 Nc6 22. Rfd1 Nd4 23. Qd3 Bc6 24. Kg1 Qa7 25. Kh1 Nd7 26. Qf1 Qb8 27. b4 b5 28. cxb5 axb5 29. a5 Ne5 30. Rdc1 Nc4 31. Nxc4 bxc4 32.
Qd1 Nb3 33. Rxb3 cxb3 34. Qxb3 d5 35. Bf4 e5 36. Bg5 d4 37. Nd5 Bxd5 38. exd5 Rxc1+ 39. Bxc1 Qb5 40. Kh2 Bf8 41. Bd2 Rb8 42. f4 Qe2 43. Qc2 Bxb4 44. Qc7 Ra8 45. Bxb4 d3 46. Qc3 exf4 47.
gxf4 Re8 48. d6 Qg4 49. d7 Qxd7 50. Qf6 Re2 51. Bc3 Rxg2+ 52. Kxg2 Qg4+ 53. Kf2 Qe2+ 54. Kg3 Qe3+ 55. Kh2 Qf2+ 56. Kh1 Qf1+ 57. Kh2 Qf2+ 58. Kh1 Qf1+ 59. Kh2 Qf2+ 1/2-1/2

[Event "Early-Titled-Tuesday-Blitz-February-06-2024"]
[Site "Chess.com"]
[Date "2024.02.06"]
[Round "10"]
[White "Flawless_Fighter"]
[Black "FARIZA2018"]
[Result "1-0"]
[WhiteElo "2721"]
[BlackElo "2521"]
[TimeControl "180+1"]
[EndTime "9:56:09 PST"]
[Termination "Flawless_Fighter won on time"]

1. e4 e5 2. Nf3 Nc6 3. Nc3 Nf6 4. Bb5 Nd4 5. O-O Nxb5 6. Nxb5 c6 7. Nc3 d6 8. d4 Qc7 9. Bg5 Be7 10. Qd3 h6 11.
Bxf6 Bxf6 12. d5 O-O 13. Rfd1 Be7 14. a4 a5 15. h3 Kh8 16. Nxe5 dxe5 17. d6 Qd8 18. dxe7 Qxe7 19. Qd6 Qe8 20. Rd3 Be6 21. Qxe5 Qe7 22. Rad1 Rae8 23. Qd6 Qh4 24. Qg3 Qe7 25. b3 Qc5 26. Qd6 Qh5 27. Qf4 f5 28. e5 g5 29.
Qd4 Qf7 30. Ne2 Kh7 31. f3 f4 32. Nc3 Bf5 33. R3d2 Qe7 34. Re1 Rd8 35. Qf2 Rxd2 36.
Qxd2 Rd8 37. Qf2 Qe6 38. Ne4 Bxe4 39. Rxe4 Rd1+ 40. Kh2 Rd5 41. Qe2 Kg6 42. c4 Rd7 43.
Qc2 Kg7 44. Re2 c5 45. Qe4 b6 46. Qa8 Re7 47. Qd5 Kf7 48. h4 Rd7 49. Qe4 Kg7 50. Qa8 Re7 51. Qd5 Kf7 52. h5 Rd7 53. Qe4 Kg7 54.
g4 Rd4 55. Qf5 Qxf5 56. gxf5 Kf7 57. e6+ Ke8 58. f6 Rd6 59. Kh3 Rc6 60. Kg4 1-0

[Event "Early-Titled-Tuesday-Blitz-February-06-2024"]
[Site "Chess.com"]
[Date "2024.02.06"]
[Round "10"]
[White "Kunalm64"]
[Black "Flaccidmoves"]
[Result "0-1"]
[WhiteElo "2547"]
[BlackElo "2465"]
[TimeControl "180+1"]
[EndTime "9:56:09 PST"]
[Termination "Flaccidmoves won by checkmate"]

1. e4 e6 2. d4 d5 3. Nd2 c5 4.
Ngf3 Nc6 5. Bb5 Nf6 6. exd5 exd5 7. O-O Be7 8. dxc5 Bxc5 9. Re1+ Be6 10. Nb3 Bb6 11.
Nbd4 O-O 12. c3 Ne4 13. Be3 Qd6 14. Nxe6 Qxe6 15. Bxb6 axb6 16. Nd4 Qf6 17. f3 Nc5 18.
Qd2 Nxd4 19. Qxd4 Qxd4+ 20. cxd4 Ne6 21. Red1 Rfc8 22. Rd2 Ra5 23. a4 Kf8 24. Re1 Ke7 25. h4 Kd6 26. Kf2 Raa8 27. h5 h6 28. Re3 Rc7 29. g4 Rac8 30. Kg3 Rc2 31. Ree2 Rxd2 32.
Rxd2 Rc1 33. f4 Re1 34. f5 Ng5 35. Rc2 Rd1 36. Rc8 Rxd4 37. Rg8 Rb4 38. Rxg7 Rb3+ 39. Kg2 Rxb2+ 40. Kg3 Rb3+ 41. Kg2 Ke5 42. Rg8 Kf4 43. Rh8 Rb2+ 44. Kf1 Kf3 45. Ke1 Ne4 46. Kd1 d4 47. Kc1 Rg2 48. Rxh6 Ke3 49. Rh7 d3 50. Bxd3 Kxd3 51. Rxf7 Kc3 52. Rc7+ Nc5 53. a5 Rg1# 0-1

[Event "Early-Titled-Tuesday-Blitz-February-06-2024"]
[Site "Chess.com"]
[Date "2024.02.06"]
[Round "10"]
[White "marsofsilva"]
[Black "Willi_Skibbe"]
[Result "0-1"]
[WhiteElo "2076"]
[BlackElo "2328"]
[TimeControl "180+1"]
[EndTime "9:56:10 PST"]
[Termination "Willi_Skibbe won by resignation"]

1. d4 d5 2. c4 c6 3. Nf3 Nf6 4. g3 e6 5. Bg2 Be7 6. O-O O-O 7. Qc2 Nbd7 8. Nbd2 c5 9. cxd5 Nxd5 10. dxc5 Nxc5 11. Nc4 Nb4 12. Qb1 b5 13. Ng5 Bxg5 14.
Bxa8 bxc4 15. Bxg5 Qxg5 16. h4 Qg6 17. Qxg6 hxg6 18.
Bf3 Bb7 19. Bxb7 Nxb7 20. a3 Nc6 21. Rac1 Nba5 22. Rfd1 Rb8 23. Rc2 Ne7 24. e4 Nec6 25.
f4 Rb3 26. Kf2 Kf8 27. Rd7 Ke8 28. Rc7 Nd4 29. Rd2 Nac6 30. Kg2 a5 31. Kf2 c3 32. bxc3 Rxc3 33. a4 Rf3+ 34. Kg2 Ra3 35. Rb2 Nb4 36.
Rd2 Rd3 37. Rxd3 Nxd3 38. Ra7 Nb3 39. Kf3 Ndc5 40. Ke3 Nxa4 41. Kd3 Nac5+ 42. Kc4 a4 43. e5 f6 44. Ra8+ Kf7 45. Ra7+ Kg8 46. Kb4 fxe5 47.
fxe5 Kh7 48. Rc7 Kh6 49. Rc6 g5 50. hxg5+ Kxg5 51. Rc7 g6 52. Re7 Kf5 53. Rf7+ Kxe5 0-1

[Event "Early-Titled-Tuesday-Blitz-February-06-2024"]
[Site "Chess.com"]
[Date "2024.02.06"]
[Round "10"]
[White "SHIVACalypso"]
[Black "HajiyevKanan"]
[Result "1-0"]
[WhiteElo "2519"]
[BlackElo "2595"]
[TimeControl "180+1"]
[EndTime "9:56:11 PST"]
[Termination "SHIVACalypso won on time"]

1. d4 d5 2. Nf3 c5 3. c4 cxd4 4. Nxd4 e5 5. Nf3 d4 6. e3 Nc6 7.
exd4 exd4 8. Bd3 Qe7+ 9. Qe2 Qxe2+ 10. Kxe2 Nf6 11. a3 a5 12. Bg5 Be7 13. Nbd2 Bg4 14. h3 Bh5 15. g4 Bg6 16. Bxg6 hxg6 17. Kd3 O-O-O 18. Rae1 Rd7 19. Ne4 Nxe4 20. Rxe4 f6 21.
Bd2 g5 22. h4 gxh4 23. Rxh4 Rxh4 24. Nxh4 Ne5+ 25. Kc2 Nxc4 26. Nf5 Bc5 27. b3 d3+ 28. Kc3 Nxa3 29. Bf4 Bb4+ 30. Kb2 d2 31. Re8+ Rd8 32.
Rxd8+ Kxd8 33. Ne3 g5 34. Bg3 Bc5 35. Nd1 Bb4 36. f4 b5 37. fxg5 fxg5 38. Be5 Ke7 39. Bc3 Ke6 40. Bd4 Kd5 41. Be3 Ke4 42. Bxg5 Kf3 43. Bxd2 Bxd2 44. Kxa3 Bb4+ 45. Kb2 Ke2 46.
Nc3+ Bxc3+ 47. Kxc3 Kf3 48. g5 a4 49. bxa4 bxa4 50.
g6 Ke4 51. g7 a3 52. g8=Q 1-0

[Event "Early-Titled-Tuesday-Blitz-February-06-2024"]
[Site "Chess.com"]
[Date "2024.02.06"]
[Round "10"]
[White "FMStan15"]
[Black "simonachess"]
[Result "0-1"]
[WhiteElo "2041"]
[BlackElo "2323"]
[TimeControl "180+1"]
[EndTime "9:56:11 PST"]
[Termination "simonachess won on time"]

1. e4 d6 2. d4 Nf6 3. Nc3 g6 4. f4 Bg7 5. Nf3 c6 6. Be2 O-O 7. O-O b5 8. a3 a5 9. Kh1 Nbd7 10. e5 Ne8 11. Be3 d5 12. f5 gxf5 13. Nh4 e6 14. Qe1 f6 15. Bh5 fxe5 16. dxe5 Nxe5 17. Bd4 Qc7 18.
Bxe8 Rxe8 19. Qg3 Re7 20. Qe1 Ng6 21. Nf3 e5 22. Bc5 Re8 23. Qd2 f4 24. Ng5 Be6 25. Nxe6 Rxe6 26. Rae1 Rae8 27. Qf2 Qf7 28. Ne2 a4 29. b4 Qf6 30. c3 Qh4 31. Qg1 Qg5 32. Bf2 Bf6 33. Nc1 Qh6 34. Nd3 Bh4 35. Nc5 Bxf2 36. Qxf2 R6e7 37. Nd3 Qh4 38. Qg1 Qg5 39.
Re2 h5 40. Ne1 h4 41. Nf3 Qf6 42. Qf2 Rg7 43. Rd1 Ree7 44. Qg1 Qf5 45. Qf2 Qg4 46. Red2 e4 47. Nd4 Ne5 48. Re2 f3 49. gxf3 Nxf3 50. Re3 Nxd4 51. Rxd4 Ref7 52. Qe1 Qf4 53. Qe2 Qg5 54.
Qe1 Rf3 55. Rxf3 exf3 56. Qf2 Qg2+ 57. Qxg2 fxg2+ 58. Kg1 h3 59. Rh4 Rh7 0-1

[Event "Early-Titled-Tuesday-Blitz-February-06-2024"]
[Site "Chess.com"]
[Date "2024.02.06"]
[Round "10"]
[White "Bilan_Danila"]
[Black "AA95"]
[Result "1-0"]
[WhiteElo "2614"]
[BlackElo "2508"]
[TimeControl "180+1"]
[EndTime "9:56:13 PST"]
[Termination "Bilan_Danila won by checkmate"]

1. d4 Nf6 2. Nf3 g6 3. Bg5 Ne4 4. Bh4 Bg7 5. c3 O-O 6. Nbd2 d5 7. e3 c5 8. Nxe4 dxe4 9. Nd2 cxd4 10. cxd4 Qa5 11.
Bxe7 Re8 12. Bh4 Nc6 13. Bc4 Be6 14. O-O Nb4 15. Qb3 Nd3 16. Bxe6 Rxe6 17. Nc4 Qd5 18. Bg3 Rc8 19. Nd2 Qxb3 20. axb3 Rc2 21. Nc4 a6 22. Rfd1 Bf6 23. h3 Kf8 24. d5 Re8 25. Nd6 Nxb2 26. Nxe8 Kxe8 27. Rdc1 Rd2 28. Rc8+ Ke7 29. Rac1 Rxd5 30. R1c7+ Ke6 31. Rxb7 Nd3 32. Rc6+ Kf5 33. Rxf7 Kg5 34. Rcxf6 Ne1 35. Bf4+ Kh4 36. Rxh7+ Rh5 37. Rxh5+ Kxh5 38. Kh2 Nf3+ 39. gxf3 a5 40. fxe4 a4 41.
bxa4 g5 42. Rf5 Kh4 43. Bxg5+ Kh5 44. Kg3 Kg6 45. Kg4 Kg7 46. a5 Kg6 47. a6 Kh7 48. a7 Kg7 49. a8=Q Kg6 50. Qc6+ Kg7 51. Qd7+ Kh8 52.
Qe8+ Kg7 53. Rf7+ Kg6 54. Qe6# 1-0

[Event "Early-Titled-Tuesday-Blitz-February-06-2024"]
[Site "Chess.com"]
[Date "2024.02.06"]
[Round "10"]
[White "pfalcon1949"]
[Black "lynette2015"]
[Result "1/2-1/2"]
[WhiteElo "1959"]
[BlackElo "2172"]
[TimeControl "180+1"]
[EndTime "9:56:13 PST"]
[Termination "Game drawn - insufficient material"]

1. e4 e6 2. d4 d5 3. exd5 exd5 4.
Bd3 Bd6 5. Nf3 Ne7 6. O-O c6 7. h3 h6 8. c3 Be6 9. Be3 Nd7 10. Re1 Qc7 11. Na3 O-O-O 12. Rc1 g5 13.
c4 g4 14. hxg4 Bxa3 15. bxa3 Bxg4 16. cxd5 Nxd5 17. Be4 N7f6 18. Qd3 Nxe3 19. fxe3 Be6 20. Ne5 Nxe4 21. Qxe4 Rhg8 22. Nxc6 Bd5 23. Qxd5 Rxd5 24. Ne7+ Kd7 25. Rxc7+ Kxc7 26. Nxd5+ Kd6 27. Nf4 Rc8 28. Re2 Rc3 29. Kf2 Rxa3 30. g4 b5 31. Nh5 a5 32. Nf6 Ke6 33. Ne4 b4 34. Nc5+ Kd5 35. Kf3 Rc3 36. Nd3 f6 37. Kf4 Rxd3 38. Kf5 a4 39. Kxf6 b3 40. axb3 axb3 41. Kg6 Ke4 42. Kxh6 Rxe3 43. Rb2 Kxd4 44. g5 Kc3 45. Rg2 b2 46. Rg1 Kc2 47. g6 b1=Q 48. Rxb1 Kxb1 49. Kh7 Rh3+ 50. Kg8 Kc2 51. g7 Kd3 52. Kf8 Rf3+ 53.
Ke7 Rg3 54. Kf7 Rf3+ 55. Ke6 Rg3 56. Kf6 Rf3+ 57. Ke7 Rg3 58. Kf8 Ke4 59. g8=Q Rxg8+ 60. Kxg8 1/2-1/2

[Event "Early-Titled-Tuesday-Blitz-February-06-2024"]
[Site "Chess.com"]
[Date "2024.02.06"]
[Round "10"]
[White "lilleper1"]
[Black "dropstoneDP"]
[Result "1/2-1/2"]
[WhiteElo "2931"]
[BlackElo "3029"]
[TimeControl "180+1"]
[EndTime "9:56:15 PST"]
[Termination "Game drawn by repetition"]

1. e4 e5 2. Nf3 Nf6 3. Nxe5 d6 4. Nf3 Nxe4 5. d4 d5 6. Bd3 Bd6 7. O-O O-O 8. c4 c6 9. cxd5 cxd5 10. Nc3 Nxc3 11. bxc3 Bg4 12. h3 Bh5 13. Rb1 Nd7 14. Rb5 Nf6 15. Bg5 a6 16. Bxf6 Qxf6 17. Rxd5 Bxf3 18.
Qxf3 Qxf3 19. gxf3 Rfd8 20. c4 Be7 21. Be4 Bf6 22.
Rb1 b5 23. cxb5 axb5 24. Rbxb5 Rxd5 25. Bxd5 Rd8 26. a4 Bxd4 27. a5 g6 28. a6 Kg7 29.
Be4 Rd6 30. Bb7 f5 31. Kf1 Kf6 32. Ke2 Re6+ 33. Kf1 Rd6 34. Rb4 Ba7 35. Rb2 Kg5 36. Rc2 Rd7 37. Kg2 Kh4 38. Bc8 Re7 39. Rc4+ Kg5 40.
Rc2 Kh4 41. Rb2 Kg5 42. Bb7 Rc7 43. Bd5 Rd7 44. Bg8 Rg7 45. Rb7 Rxb7 46. axb7 h5 47. Bf7 Kf6 48. Be8 Kg5 49. Kf1 h4 50. Ke2 Kf6 51.
Kd3 g5 52. Kc4 Ke5 53. Bd7 Kd6 54. Bxf5 Kc7 55. Be4 Bxf2 56. Kd5 Kxb7 57. Ke6+ Kc7 58.
Kf5 Be3 59. Kg4 Bf4 60. Bf5 Kd6 61. Be4 Kc5 62. Bf5 Kd6 63. Be4 Kc5 64. Bf5 Kd6 1/2-1/2